 Dungeon Crawl Stone Soup version 0.29.0-11-gd7f09526c8 (webtiles) character file.

Game seed: 14334951805286800324

225 LustLizard the Firebug (level 6, -2/45 HPs)
             Began as a Hill Orc Fire Elementalist on Sept 3, 2022.
             Slain by a hobgoblin
             ... wielding the +3 rapier "Utsom" {venom, rElec}
              (5 damage)
             ... on level 2 of the Dungeon.
             The game lasted 00:04:02 (2741 turns).

LustLizard the Firebug (Hill Orc Fire Elementalist) Turns: 2741, Time: 00:04:04

Health: -2/45      AC:  3    Str: 11    XL:     6   Next: 1%
Magic:  7/9        EV: 11    Int: 17    God:
Gold:   153        SH:  0    Dex: 13    Spells: 8/9 levels left

rFire   . . .      SeeInvis .   q - +5 mace of the Unspeakable One {elec, Dex+2}
rCold   . . .      Faith    .   (no shield)
rNeg    . . .      Spirit   .   n - +0 leather armour
rPois   .          Reflect  .   (no helmet)
rElec   .          Harm     .   (no cloak)
rCorr   .          Rampage  .   (no gloves)
Will    .....                   (no boots)
Stlth   ++........              (no amulet)
HPRegen 0.15/turn               (no ring)
MPRegen 0.11/turn               (no ring)

@: lethally poisoned (-2 -> -7), flying
A: no striking features
a: no special abilities


You were on level 2 of the Dungeon.
You visited 1 branch of the dungeon, and saw 2 of its levels.

You collected 153 gold pieces.

Inventory:

Hand Weapons
 e - a +4 dagger of speed
 q - the +5 mace of the Unspeakable One (weapon) {elec, Dex+2}
   (You found it on level 2 of the Dungeon)

   It occasionally discharges a powerful burst of electricity upon striking a
   foe.
   Dex:       It affects your dexterity (+2).
Missiles
 c - 15 stones
Armour
 a - a +0 robe
 n - a +0 leather armour (worn)
Wands
 s - a wand of charming (8)
Scrolls
 d - a scroll of summoning {unknown}
 h - a scroll of amnesia {unknown}
 i - 2 scrolls of identify {unknown}
 k - a scroll of brand weapon {unknown}
 l - a scroll of acquirement {unknown}
 m - a scroll of blinking {unknown}
 o - a scroll of fog {unknown}
Potions
 b - a potion of magic
 g - a potion of resistance {unknown}
 j - a potion of berserk rage {unknown}
 p - a potion of heal wounds {unknown}
 r - a potion of lignification {unknown}


   Skills:
 * Level 2.0 Maces & Flails
 - Level 1.5 Dodging
 * Level 3.0 Stealth
 + Level 2.1 Spellcasting
 * Level 2.8 Conjurations
 * Level 4.5 Fire Magic


You had 8 spell levels left.
You knew the following spells:

 Your Spells              Type           Power      Damage    Failure   Level
a - Foxfire               Conj/Fire      56%        2x1d6     5%          1

Your spell library contained the following spells:

 Spells                   Type           Power      Damage    Failure   Level
 Scorch                   Fire           34%        2d7       6%          2
 Conjure Flame            Conj/Fire      14%        6-21      17%         3
 Inner Flame              Hex/Fire       9%         N/A       30%         3
 Flame Wave               Conj/Fire      14%        2d6       50%         4


Dungeon Overview and Level Annotations

Branches:
Dungeon (2/15)

Altars:
Ru

Annotations:
D:2 Terence


Message History

Terence attacks as you move away! Terence barely misses you.
Terence attacks as you move away! Terence hits you with a +0 flail!
* * * LOW HITPOINT WARNING * * *
There is a stone staircase leading down here.
Terence attacks as you move away! Terence barely misses you.
Terence zaps a wand.
The puff of flame misses you.
Casting: Foxfire (safe; 5% risk of failure)
Confirm with . or Enter, or press ? or * to list all spells.
You conjure some foxfire!
The foxfire hits Terence.
Terence is heavily wounded.
Unknown command.
You barely miss Terence.
Terence is heavily wounded.
The foxfire hits Terence.
Terence is heavily wounded.
Unknown command.
Casting: Foxfire (safe; 5% risk of failure)
Confirm with . or Enter, or press ? or * to list all spells.
You conjure some foxfire!
Terence barely misses you.
The hobgoblin hits you with the +3 rapier "Utsom" {venom, rElec}.
* * * LOW HITPOINT WARNING * * *
You are lethally poisoned!
You closely miss Terence.
Terence is heavily wounded.
* * * LOW HITPOINT WARNING * * *
You feel very sick.
The foxfire hits Terence but does no damage.
Terence is heavily wounded.
The foxfire hits Terence but does no damage.
Terence is heavily wounded.
The hobgoblin barely misses you.
Terence zaps a wand.
The puff of flame hits you.
* * * LOW HITPOINT WARNING * * *
It was a potion of flight.
You feel very buoyant.
You fly up into the air.
* * * LOW HITPOINT WARNING * * *
You feel sick.
The hobgoblin hits you with the +3 rapier "Utsom" {venom, rElec}.
You die...

#......##.....# #..<##
#......##.....# #..... ##
#......##.....####....# ..
#................#....# #
####..#.#......#.#....# #.
####.#......#.#....# #
##.>.##########.#.....##.#....#
............>gSg............<...#
###############@@...########.#+##
................#....##...#######
#.###############.#...#.8.# #...#
#†##.#.####....##..####...###.<.#
†..##.###.....#.#.........).....#
.8...#.......####....⌠........###
...#..#.....#.# #.............# #
.8..#....#.#### #.#####.......###
.....#..#.#.# #.# #..........


You could see Terence, 2 hobgoblins and a ball python.

Vanquished Creatures
  Sigmund (D:2)
  2 adders (D:2)
  A worm (D:2)
  A dart slug (D:1)
  7 ball pythons
  2 endoplasms (D:1)
  A giant cockroach (D:1)
  3 goblins
  6 hobgoblins
  3 jackals (D:2)
  4 kobolds
  4 quokkas
  6 bats
  3 frilled lizards
  4 rats
48 creatures vanquished.

Vanquished Creatures (others)
  90 foxfires
90 creatures vanquished.

Grand Total: 138 creatures vanquished

Notes
Turn   | Place    | Note
-------+----------+-------------------------------------------
     0 | D:1      | LustLizard the Hill Orc Fire Elementalist began the quest
                  | for the Orb.
     0 | D:1      | Reached XP level 1. HP: 14/14 MP: 3/3
   257 | D:1      | Reached XP level 2. HP: 20/20 MP: 1/4
   466 | D:1      | Found a faded altar of an unknown god.
   823 | D:1      | Reached XP level 3. HP: 23/26 MP: 5/5
  1436 | D:2      | Identified the +5 mace of the Unspeakable One {elec, Dex+2}
  2003 | D:2      | Reached XP level 4. HP: 33/33 MP: 2/6
  2060 | D:2      | Reached skill level 4 in Fire Magic
  2161 | D:2      | Noticed Sigmund
  2171 | D:2      | Killed Sigmund
  2172 | D:2      | Reached skill level 1 in Maces & Flails
  2172 | D:2      | Reached XP level 5. HP: 19/38 MP: 5/8
  2391 | D:2      | Found a sacrificial altar of Ru.
  2415 | D:2      | Reached XP level 6. HP: 23/45 MP: 5/9
  2724 | D:2      | Noticed Terence
  2726 | D:2      | Identified the +3 rapier "Utsom" {venom, rElec}
  2741 | D:2      | Slain by a hobgoblin

Illustrated notes

Levels and vault maps discovered:
D:1:      co_arrival_square_in_a_square_in_a_square, layout_loops_corners,
          hellmonk_ecumenical_altar_zigzags, minmay_vboxes
D:2:      wad_crossroads, layout_basic, basic_altar, dk_noncrumbling_4,
          nicolae_elevator_lobby_asterisk, uniq_sigmund, uniq_terence

Skill      XL: |  1  2  3  4  5  6 |
---------------+-------------------+-----
Stealth        | 2 3 |  3.0
Conjurations   | 2 |  2.8
Fire Magic     | 4 |  4.5
Maces & Flails | 1 2 |  2.0
Spellcasting   | 2 |  2.1
Dodging        | |  1.5

Action                   |  1- 3 |  4- 6 || total
-------------------------+-------+-------++-------
Melee: Unarmed           |     4 |       ||     4
       Dagger            |    36 |       ||    36
       Mace              |    14 |    17 ||    31
 Cast: Foxfire           |    48 |    10 ||    58
  Use: Potion            |       |     1 ||     1
 Stab: Sleeping          |     2 |     1 ||     3
Armor: Robe              |     8 |       ||     8
       Leather armour    |     7 |     3 ||    10
Dodge: Dodged            |    36 |     8 ||    44
